 Dungeon Crawl Stone Soup version 0.30-a0-313-gae38170b09 (webtiles) character file.

Game seed: 3453984319950268682

222 Kirkhe the Chiller (level 5, 11/35 HPs)
             Began as a Demonspawn Ice Elementalist on Oct 26, 2022.
             Quit the game on level 2 of the Dungeon.
             The game lasted 00:04:22 (1742 turns).

Kirkhe the Chiller (Demonspawn Ice Elementalist)    Turns: 1742, Time: 00:04:22

Health: 11/35      AC:  8    Str: 15    XL:     5   Next: 66%
Magic:  1/11       EV: 12    Int: 18    God:
Gold:   141        SH:  0    Dex: 13    Spells: 5/12 levels left

rFire   . . .      SeeInvis .    e - +0 dagger
rCold   . . .      Faith    .    (no shield)
rNeg    + . .      Spirit   .    a - +0 robe
rPois   .          Reflect  .    (no helmet)
rElec   .          Harm     .    (no cloak)
rCorr   .          Rampage  .    (no gloves)
Will    .....                    (no boots)
Stlth   ++........               (no amulet)
HPRegen 0.25/turn                c - ring of positive energy
MPRegen 0.12/turn                g - +6 ring of strength

@: sanguine armoured
A: hooves 2, spiny 1, sanguine armour 1
a: no special abilities


You were on level 2 of the Dungeon.
You visited 1 branch of the dungeon, and saw 2 of its levels.

You collected 183 gold pieces.
You spent 42 gold pieces at shops.

Inventory:

Hand Weapons
 e - a +0 dagger (weapon)
Armour
 a - a +0 robe (worn)
Jewellery
 c - a ring of positive energy (left hand)
 g - a +6 ring of strength (right hand)
Scrolls
 h - 2 scrolls of enchant weapon {unknown}
 i - a scroll of identify
 j - a scroll of teleportation
 k - a scroll of amnesia {unknown}
 l - 3 scrolls of butterflies
 o - a scroll of enchant armour {unknown}
 p - a scroll of blinking {unknown}
Potions
 b - a potion of magic
 d - a potion of lignification
 f - a potion of might
 m - a potion of heal wounds


   Skills:
 + Level 0.2 Short Blades
 - Level 1.7 Dodging
 - Level 1.7 Stealth
 + Level 4.0 Spellcasting
 + Level 5.2 Ice Magic


You had 5 spell levels left.
You knew the following spells:

 Your Spells              Type           Power      Damage    Failure   Level
a - Freeze                Ice            88%        1d9       1%          1
b - Frozen Ramparts       Ice            44%        1d7       4%          3
c - Ozocubu's Armour      Ice            22%        N/A       4%          3

Your spell library contained the following spells:

 Spells                   Type           Power      Damage    Failure   Level
 Magic Dart               Conj           12%        1d3       14%         1
 Necrotise                Necr           12%        1d4       14%         1
 Searing Ray              Conj           6%         2d4       22%         2
 Vampiric Draining        Necr           3%         2d6       41%         3
 Summon Ice Beast         Ice/Summ       13%        N/A       45%         4
 Fulminant Prism          Conj/Hex       1%         3d6       82%         4
 Leda's Liquefaction      Hex/Erth       1%         N/A       82%         4
 Agony                    Necr           3%         N/A       99%         5
 Lee's Rapid Deconstruct  Erth           1%         3d4*      99%         5
 Statue Form              Tmut/Erth      2%         N/A       100%        6


Dungeon Overview and Level Annotations

Branches:
Dungeon (2/15)

Altars:
Dithmenos

Shops:
D:1 *   D:2 [

Annotations:
D:2 1 runed translucent door, Crazy Yiuf, Robin


Innate Abilities, Weirdness & Mutations

You have hoof-like feet.
You are partially covered in sharp spines.
When seriously injured, your blood forms armour. (AC +6)


Message History

Your transformation is almost over.
The frozen ramparts melt away.
Sigmund screams, "Die, monster!"
Sigmund hits you from afar with a +0 scythe.
Your icy armour evaporates.
Okay, then.
Unknown command.
You cannot move.
Sigmund hits you from afar with a +0 scythe.
Sigmund hits you but does no damage.
You feel better.
Sigmund points at you and mumbles some strange words.
You resist with some effort. Sigmund gestures at you while chanting.
You resist with some effort. Sigmund casts a spell at you.
The magic dart hits you. Sigmund hits you but does no damage.
You feel less wooden.
Your +0 robe unmelds from your body.
Your blood congeals into armour.
Sigmund points at you and mumbles some strange words.
You resist with some effort. Sigmund casts a spell at you.
The puff of flame hits you!
* * * LOW HITPOINT WARNING * * *
Casting: Frozen Ramparts (quite dangerous; 8% risk of failure)
Confirm with . or Enter, or press ? or * to list all spells.
Aiming: Freeze (safe; 2% risk of failure)
Press: ? - help, Shift-Dir - straight line, f - Sigmund
Aim: Sigmund, wielding a +0 scythe and wearing a +0 robe (almost dead)
You freeze Sigmund.
You kill Sigmund!
Your Spellcasting skill increases to level 4!
Your Ice Magic skill increases to level 5!
You have reached level 5!
Your demonic ancestry asserts itself...
Sharp spines emerge from parts of your body.
Things that are here:
a +0 scythe; a +0 robe Are you sure you want to abandon this character and quit the game? (Confirm with "yes".)

#.####...# #.# ##...##
##^# #.#......# #.#
##.######.. #.#.##...#
#.# #..........
#.#†###..#####[#
#..#######. #.#.#
#........### #..#### #.
#.#.#
#..........######.....#
#. #...#
#####.#.#..........##)#
## ##..#
..#.#.##########.# #..#
###.@.# #.# #..#######
#.##.# #.# #.........
..# #.# #.#
#†########### #.# #.#
#.# #.# #.# #.# #.# #.#
#.# #.# #.# # #.# ..##
#.# # #.###### ....#
#.# #


There were no monsters in sight!

Vanquished Creatures
  Sigmund (D:2)
  3 adders (D:2)
  2 dart slugs
  4 ball pythons
  An endoplasm (D:1)
  2 giant cockroaches (D:2)
  8 goblins
  3 hobgoblins
  A quokka (D:2)
  6 bats
  4 frilled lizards (D:1)
  6 kobolds
  3 rats
44 creatures vanquished.

Vanquished Creatures (others)
  17 plants (D:1)
17 creatures vanquished.

Grand Total: 61 creatures vanquished

Notes
Turn   | Place    | Note
-------+----------+-------------------------------------------
     0 | D:1      | Kirkhe the Demonspawn Ice Elementalist began the quest for
                  | the Orb.
     0 | D:1      | Reached XP level 1. HP: 13/13 MP: 3/3
    27 | D:1      | Found Lemo's General Store.
   230 | D:1      | Reached skill level 4 in Ice Magic
   230 | D:1      | Gained mutation: You have large cloven feet. [demonic
                  | ancestry]
   230 | D:1      | Reached XP level 2. HP: 19/19 MP: 3/5
   390 | D:1      | Found a faded altar of an unknown god.
   855 | D:1      | Bought a potion of curing for 42 gold pieces
   867 | D:2      | Noticed Robin
  1029 | D:2      | Found Zusu's Armour Emporium.
  1045 | D:2      | Gained mutation: You have hoof-like feet. [demonic
                  | ancestry]
  1045 | D:2      | Reached XP level 3. HP: 23/24 MP: 2/6
  1492 | D:2      | Found a shadowy altar of Dithmenos.
  1495 | D:2      | Noticed Sigmund
  1503 | D:2      | Learned a level 3 spell: Frozen Ramparts
  1507 | D:2      | Learned a level 3 spell: Ozocubu's Armour
  1647 | D:2      | Found a runed translucent door.
  1648 | D:2      | Noticed Crazy Yiuf
  1713 | D:2      | Gained mutation: When seriously injured, your blood forms
                  | armour. (AC +6) [demonic ancestry]
  1713 | D:2      | Reached XP level 4. HP: 26/30 MP: 2/8
  1740 | D:2      | Killed Sigmund
  1741 | D:2      | Reached skill level 5 in Ice Magic
  1741 | D:2      | Gained mutation: You are partially covered in sharp spines.
                  | [demonic ancestry]
  1741 | D:2      | Reached XP level 5. HP: 10/35 MP: 1/11
  1742 | D:2      | Quit the game

Illustrated notes

Levels and vault maps discovered:
D:1:      minmay_arrival_up_and_down, layout_rooms, serial_bayou,
          serial_bayou_ford_a, serial_bayou_pond_a, serial_bayou_shore_a,
          serial_bayou_pond_d, serial_shops, nicolae_shop_behind_doors,
          basic_ecumenical_altar, serial_bayou_lagoon_a
D:2:      layout_loops_ring, basic_altar, serial_shops, shop,
          minmay_misc_feat_tower, uniq_crazy_yiuf_cottage, uniq_sigmund,
          uniq_robin

Skill      XL: |  1  2  3  4 |
---------------+-------------+-----
Ice Magic      | 4 5 |  5.2
Spellcasting   | 3 4 |  4.0
Short Blades   | |  0.2
Dodging        | |  1.7
Stealth        | |  1.7

Action                   |  1- 3 |  4- 6 || total
-------------------------+-------+-------++-------
Melee: Dagger            |    32 |       ||    32
       Kick              |     7 |       ||     7
 Cast: Freeze            |    51 |     1 ||    52
       Frozen Ramparts   |     1 |     1 ||     2
       Ozocubu's Armour  |     1 |       ||     1
  Use: Scroll            |     5 |       ||     5
       Potion            |     1 |     1 ||     2
Armor: Robe              |    11 |       ||    11
       Skin              |     8 |    12 ||    20
Dodge: Dodged            |    47 |       ||    47

Table legend: (Time is in decaauts)
 A = Elapsed time spent in this place.
 B = Non-inter-level travel time spent in this place.
 C = Inter-level travel time spent in this place.
 D = Time resting spent in this place.
 E = Time spent auto-exploring this place.
 F = Levels seen in this place.
 G = Mean time per level.
                   A        B        C        D        E       F      G
               +--------+--------+--------+--------+--------+-----+--------+
         Total |   1777 |   1733 |     44 |     85 |   1316 |   2 |  888.5 |
       Dungeon |   1777 |   1733 |     44 |     85 |   1316 |   2 |  888.5 |
               +--------+--------+--------+--------+--------+-----+--------+

Top non-repeatable levels by time:
     D:1: 921 daAuts
     D:2: 856 daAuts
